 Dungeon Crawl Stone Soup version 0.26.1-15-g04117e645d (webtiles) character file.

Game seed: 5055421945338113509

122 suipiss the Grave Robber (level 4, -8/30 HPs)
             Began as a Mummy Necromancer on Dec 29, 2022.
             Mangled by a small abomination (9 damage)
             ... created by the touch of Lugonu
             ... on level 1 of the Abyss.
             The game lasted 00:06:05 (3861 turns).

suipiss the Grave Robber (Mummy Necromancer)        Turns: 3861, Time: 00:06:05

Health: -8/30      AC:  7    Str: 11    XL:     4   Next: 78%
Magic:  10/10      EV: 11    Int: 15    God:
Gold:   149        SH:  3    Dex: 12    Spells: 6/11 levels left

rFire    x . .     SeeInvis .   d - +0 spear
rCold    + . .     Faith    .   k - +0 buckler
rNeg     + + +     Spirit   .   m - +0 robe (curse)
rPois    ∞         Reflect  .   g - +2 helmet
rElec    .         Harm     .   i - +1 cloak
rCorr    .         Rampage  .   (no gloves)
Will     .....                  (no boots)
Stlth    ++........             (no amulet)
HPRegen  0.10/turn              (no ring)
MPRegen  0.12/turn              h - ring of flight

@: no status effects
A: no potions, fire vulnerability, cold resistance 1, negative energy resistance
3, torment resistance, unbreathing
a: Evoke Flight


You were on level 1 of the Abyss.
You visited 1 branch of the dungeon, and saw 3 of its levels.
You visited the Abyss 2 times.

You collected 149 gold pieces.

Inventory:

Hand Weapons
 b - a +3 quarterstaff of chaos
 d - a +0 spear (weapon)
Armour
 a - a +0 robe
 g - a +2 helmet (worn)
 i - a +1 cloak (worn)
 j - a +0 leather armour
 k - a +0 buckler (worn)
 m - a cursed +0 robe (worn)
Jewellery
 h - a ring of flight (right hand)
 l - a +4 ring of slaying {unknown}
Scrolls
 c - 4 scrolls of remove curse
 e - 2 scrolls of enchant armour
 f - 2 scrolls of identify
 n - a scroll of fog


   Skills:
 + Level 1.3 Armour
 + Level 2.1 Dodging
 - Level 1.5 Stealth
 * Level 0.3 Shields
 * Level 4.1 Spellcasting
 * Level 4.7 Necromancy


You had 6 spell levels left.
You knew the following spells:

 Your Spells              Type           Power        Failure   Level
a - Pain                  Necr           68%          4%          1
b - Animate Skeleton      Necr           34%          4%          1
c - Vampiric Draining     Necr           8%           12%         3

Your spell library contained the following spells:

 Spells                   Type           Power        Failure   Level
 Animate Dead             Necr           8%           38%         4
 Agony                    Necr           17%          75%         5


Dungeon Overview and Level Annotations

Branches:
Dungeon (3/15)

Altars:
Cheibriados
Dithmenos


Innate Abilities, Weirdness & Mutations

You do not drink.
Your flesh is vulnerable to fire.
You are immune to poison.
Your flesh is cold resistant. (rC+)
You are immune to negative energy. (rN+++)
You are immune to unholy pain and torment.
You can survive without breathing.


Message History

The white imp shouts, "Run away, thou pottle-deep musty wrapping tissue!"
The small abomination misses you.
Casting: Vampiric Draining (quite dangerous; 12% risk of failure)
Confirm with . or Enter, or press ? or * to list all spells.
Aiming: Vampiric Draining (quite dangerous; 12% risk of failure)
Press: ? - help, Shift-Dir - straight line, f - small abomination
Aim: a small abomination (durably summoned)
You can't drain life from that!
You hit the small abomination.
The small abomination is lightly damaged.
You block the small abomination's attack.
Your shield prevents you from hitting the small abomination.
The small abomination is lightly damaged.
The small abomination hits you.
* * * LOW HITPOINT WARNING * * *
The small abomination completely misses you.
You hit the small abomination but do no damage.
The small abomination is lightly damaged.
The small abomination hits you!
You die...

#### #@.#
###x#######
#..5......
#.........#
#.........# '#
#....#....# ...
#.........# ....
.#..... _..
.....#...#.....####


You could see a small abomination and a white imp.

Vanquished Creatures
  Crazy Yiuf (D:2)
  An adder (D:3)
  An ooze (D:3)
  2 worms (D:3)
  2 dart slugs (D:3)
  4 leopard geckos
  2 orcs (D:3)
  8 bats
  7 goblins
  6 hobgoblins
  4 jackals (D:2)
  A quokka (D:3)
  2 ball pythons
  3 frilled lizards
  10 kobolds
  12 rats
66 creatures vanquished.

Notes
Turn   | Place    | Note
-------+----------+-------------------------------------------
     0 | D:1      | suipiss the Mummy Necromancer began the quest for the Orb.
     0 | D:1      | Reached XP level 1. HP: 13/13 MP: 4/4
   384 | D:1      | Reached XP level 2. HP: 15/19 MP: 3/6
   386 | D:1      | Learned a level 1 spell: Animate Skeleton
  1555 | D:2      | Reached XP level 3. HP: 24/24 MP: 4/7
  1559 | D:2      | Learned a level 3 spell: Vampiric Draining
  1701 | D:2      | Found a runed translucent door.
  1702 | D:2      | Noticed Crazy Yiuf
  2211 | D:2      | Reached skill level 1 in Armour
  2579 | D:2      | Killed Crazy Yiuf
  2580 | D:2      | Reached XP level 4. HP: 30/30 MP: 1/9
  2717 | D:3      | Found a shadowy altar of Dithmenos.
  3065 | D:3      | Found a snail-covered altar of Cheibriados.
  3186 | D:3      | Cast into level 1 of the Abyss (unwielding a weapon of
                  | distortion)
  3186 | Abyss:1  | Found a corrupted altar of Lugonu.
  3212 | Abyss:1  | Noticed a large abomination
  3237 | Abyss:1  | Found a corrupted altar of Lugonu.
  3251 | Abyss:1  | Noticed a raiju
  3258 | Abyss:1  | Became a worshipper of Lugonu the Unformed
  3258 | Abyss:1  | Reached * piety under Lugonu
  3259 | D:3      | Escaped the Abyss
  3324 | D:3      | Fell from the grace of Lugonu
  3805 | D:3      | Noticed a thrashing horror
  3805 | D:3      | Cast into level 1 of the Abyss (Lugonu's touch)
  3811 | Abyss:1  | Noticed a thrashing horror
  3834 | Abyss:1  | Noticed a small abomination
  3843 | Abyss:1  | Found a stormy altar of Qazlal.
  3851 | Abyss:1  | HP: 1/30 [small abomination[the touch of Lugonu] (18)]
  3860 | Abyss:1  | HP: 1/30 [small abomination[the touch of Lugonu] (1)]
  3861 | Abyss:1  | Mangled by a small abomination

Illustrated notes

Levels and vault maps discovered:
D:1:      dpeg_arrival_round_a, layout_basic, minmay_pentomino_z2
D:2:      layout_basic, uniq_crazy_yiuf_cottage
D:3:      layout_basic, kennysheep_slug_shrine, nicolae_dithmenos_shadow_blocks
Abyss:1:  base: D:3, base:
D:1

Skill      XL: |  1  2  3  4 |
---------------+-------------+-----
Spellcasting   | 3 4 |  4.1
Armour         | 1 |  1.3
Dodging        | 2 |  2.1
Stealth        | |  1.5
Shields        | |  0.3
Necromancy     | |  4.7

Action                   |  1- 3 |  4- 6 || total
-------------------------+-------+-------++-------
Melee: Spear             |   111 |    58 ||   169
       Quarterstaff      |       |    14 ||    14
       Falchion          |       |    12 ||    12
 Cast: Pain              |    28 |       ||    28
       Vampiric Draining |     2 |     2 ||     4
Invok: Depart the Abyss  |       |     1 ||     1
       Renounce Religion |       |     1 ||     1
  Use: Scroll            |     2 |     4 ||     6
 Stab: Sleeping          |     2 |       ||     2
       Distracted        |     1 |       ||     1
Armor: Robe              |    20 |     2 ||    22
       Leather armour    |     2 |    24 ||    26
Dodge: Dodged            |    82 |    42 ||   124
Block: Buckler           |       |     8 ||     8
       Rpst.: Falchion   |       |     6 ||     6
